 Dungeon Crawl Stone Soup version 0.28.0 (webtiles) character file.

Game seed: 593241806014284540

12044 sasquatch the Brawler (level 11, -2/115 HPs)
             Began as a Troll Monk on Feb 6, 2022.
             Was a Priest of Makhleb.
             Slain by an eight-headed hydra (12 damage)
             ... on level 10 of the Dungeon.
             The game lasted 00:16:39 (8316 turns).

sasquatch the Brawler (Troll Monk)                  Turns: 8316, Time: 00:16:40

Health: -2/115     AC:  9    Str: 25    XL:     11   Next: 57%
Magic:  10/10      EV: 14    Int:  6    God:    Makhleb [***...]
Gold:   680        SH:  0    Dex: 12    Spells: 10/10 levels left

rFire   . . .      SeeInvis .     - Unarmed
rCold   . . .      Faith    .   (no shield)
rNeg    . . .      Spirit   .   q - +1 steam dragon scales
rPois   .          Reflect  .   (helmet restricted)
rElec   .          Harm     .   o - +0 cloak
rCorr   .          Rampage  .   (gloves unavailable)
Will    +....                   (boots unavailable)
Stlth   +.........              C - amulet of the acrobat
HPRegen 1.09/turn               c - +4 ring of evasion
MPRegen 0.12/turn               s - ring of willpower

@: confused, about to teleport, ambrosia-drunk
A: large, unfitting armour, claws 3, regeneration 1, shaggy fur 1, tough skin 1
a: Renounce Religion, Minor Destruction, Lesser Servant of Makhleb


You were on level 10 of the Dungeon.
You worshipped Makhleb.
Makhleb was most pleased with you.
You visited 3 branches of the dungeon, and saw 12 of its levels.
You also visited: Bailey.

You collected 680 gold pieces.

Inventory:

Missiles
 i - 30 poisoned darts (quivered)
Armour
 a - a +0 robe
 o - a +0 cloak (worn)
 q - +1 steam dragon scales (worn)
 G - an orb of wrath
Jewellery
 c - a +4 ring of evasion (left claw)
 s - a ring of willpower (right claw)
 w - a ring of fire
 C - an amulet of the acrobat (around neck)
 F - a ring of protection from cold
Wands
 t - a wand of polymorph (14)
 B - a wand of paralysis (7)
 D - a wand of charming (4)
Scrolls
 g - 2 scrolls of fog {unknown}
 h - 6 scrolls of teleportation
 k - a scroll of silence {unknown}
 p - 3 scrolls of blinking {unknown}
 x - a scroll of noise {unknown}
 y - a scroll of amnesia {unknown}
 E - 3 scrolls of enchant armour
Potions
 b - 4 potions of brilliance
 d - a potion of curing
 e - 3 potions of mutation
 l - a potion of heal wounds
 m - a potion of ambrosia
 n - a potion of attraction {unknown}
 r - 4 potions of haste
 z - 2 potions of flight
 A - a potion of berserk rage
 H - a potion of might


   Skills:
 + Level 9.5 Fighting
 - Level 2.4 Dodging
 - Level 1.0 Stealth
 * Level 15.3 Unarmed Combat


You had 10 spell levels left.
You didn't know any spells.
Your spell library contained the following spells:

 Spells                   Type           Power      Damage    Failure   Level
 Static Discharge         Conj/Air       0%         N/A       58%         2
 Ignite Poison            Fire/Tmut/Pois 0%         N/A       83%         3
 Mephitic Cloud           Conj/Pois/Air  0%         N/A       83%         3
 Dispel Undead            Necr           0%         3d6       99%         4
 Sticky Flame             Conj/Fire      0%         2d3       99%         4
 Freezing Cloud           Conj/Ice/Air   0%         6-21      100%        5
 Chain Lightning          Conj/Air       0%         N/A       100%        9
 Fire Storm               Conj/Fire      0%         5d1       100%        9
 Shatter                  Erth           0%         3d5*      100%        9


Dungeon Overview and Level Annotations

Branches:
Dungeon (10/15)            Temple (1/1) D:6            Lair (1/6) D:10
 Bailey (visited)
    Orc: D:9-12

Altars:
Ashenzari
Cheibriados
Dithmenos
Elyvilon
Fedhas
Hepliaklqana
Kikubaaqudgha
Makhleb
Okawaru
Qazlal
Ru
Sif Muna
Trog
Uskayaw
Vehumet
Wu Jian
Xom
Zin
The Shining One

Shops:
D:3 [   D:7 (


Innate Abilities, Weirdness & Mutations

You are too large for most types of armour.
You have claws for hands.
Your natural rate of healing is unusually fast.
You are covered in fur. (AC +1)
You have tough skin. (AC +1)


Message History

The eight-headed hydra bites you! The eight-headed hydra bites you.
The eight-headed hydra closely misses you.
You scratch the plant.
The plant is lightly damaged.
The eight-headed hydra bites you!
The eight-headed hydra bites you but does no damage.
The eight-headed hydra closely misses you.
The eight-headed hydra bites you! The eight-headed hydra bites you.
The eight-headed hydra bites you! x2
The eight-headed hydra barely misses you.
As you read the scroll of teleportation, it crumbles to dust.
You feel strangely unstable. The eight-headed hydra bites you. x2
The eight-headed hydra completely misses you. x2
The eight-headed hydra bites you but does no damage.
The eight-headed hydra bites you!
* * * LOW HITPOINT WARNING * * *
The eight-headed hydra bites you!
* * * LOW HITPOINT WARNING * * *
The eight-headed hydra misses you.
You are confused.
You feel invigorated.
A nearby plant withers and dies.
The eight-headed hydra bites you!
* * * LOW HITPOINT WARNING * * *
The eight-headed hydra barely misses you.
The eight-headed hydra bites you.
* * * LOW HITPOINT WARNING * * *
The eight-headed hydra bites you but does no damage.
The eight-headed hydra misses you. x2
The eight-headed hydra barely misses you.
The eight-headed hydra bites you but does no damage.
Unknown command.
You mangle the plant!!
The plant begins to die.
You claw the plant!
The plant is moderately damaged.
The eight-headed hydra completely misses you.
The eight-headed hydra misses you. The eight-headed hydra bites you!
* * * LOW HITPOINT WARNING * * *
The eight-headed hydra bites you.
* * * LOW HITPOINT WARNING * * *
The eight-headed hydra bites you!
You die...

..#.#.........#..#...#...###.....
...)....##.......##.......##.....
.....#..........######...#####...
....###........## #....####...#
.....#######...#######.....#....#
........###...#...≈...#..#....###
..........#.....#...#....#....#
...............##P.P##......###
)............#..@PPP...#..###
...(..####...#≈..D>...≈#..#
##....####...#...PPPP..#.##
...............##..P##...#
..##......##....#...#....##
.....#...###..#...≈...#...#
.....##### #...#######...##
.##### ##### ##### ##


You could see an eight-headed hydra.

Vanquished Creatures
  3 two-headed ogres
  The ghost of ragingrage the Cleaver, a novice MiBe of Trog (D:6)
  Pikel (D:4)
  A black mamba (Lair:1)
  Maggie (D:6)
  The ghost of JJisdabomb the Slasher, a novice DsFi (D:5)
  An unseen horror (D:9)
  A cane toad (Lair:1)
  A kobold demonologist (D:6)
  A komodo dragon (Lair:1)
  A troll (D:10)
  Grinder (D:6)
  A hornet (D:7)
  4 spriggans (Bailey)
  A shadow (D:9)
  3 yaks (D:8)
  Eustachio (D:4)
  2 steam dragons
  Edmund (D:6)
  2 water moccasins
  2 ice beasts
  2 orc warriors
  11 ogres
  3 wolves (Lair:1)
  2 centaurs
  A lemure (D:4)
  A phantom (D:5)
  4 kobold brigands
  4 bullfrogs
  A gnoll sergeant (D:9)
  4 scorpions
  A wyvern skeleton (D:7)
  A water moccasin zombie (D:5)
  3 water moccasin skeletons
  10 killer bees (D:9)
  2 centaur zombies
  4 hounds
  8 orc priests
  2 centaur skeletons
  A gnoll shaman (D:6)
  Crazy Yiuf (D:5)
  3 iguanas
  7 orc wizards
  3 howler monkey zombies
  Robin (D:4)
  13 gnolls
  A howler monkey skeleton (D:6)
  8 adders
  A shadow imp (D:7)
  A white imp (D:7)
  2 worms
  3 dart slugs
  30 orcs
  9 ball pythons
  10 endoplasms
  4 giant cockroaches
  6 hobgoblins
  3 jackals (D:5)
  2 quokkas
  6 bats
  4 frilled lizards
  11 goblins
  28 kobolds
  5 rats
258 creatures vanquished.

Vanquished Creatures (others)
  A human (D:9)
  5 fungi
  5 plants
11 creatures vanquished.

Grand Total: 269 creatures vanquished

Notes
Turn   | Place    | Note
-------+----------+-------------------------------------------
     0 | D:1      | sasquatch the Troll Monk began the quest for the Orb.
     0 | D:1      | Reached XP level 1. HP: 22/22 MP: 0/0
    86 | D:1      | Reached XP level 2. HP: 29/29 MP: 1/1
    86 | D:1      | Found a faded altar of an unknown god.
   111 | D:1      | Prayed at the altar of an unknown god.
   111 | D:1      | Became a worshipper of Vehumet
   111 | D:1      | Reached * piety under Vehumet
   111 | D:1      | Offered knowledge of Shock by Vehumet.
   111 | D:1      | Reached ** piety under Vehumet
   193 | D:1      | Reached *** piety under Vehumet
   318 | D:1      | Offered knowledge of Foxfire by Vehumet.
   495 | D:2      | Offered knowledge of Static Discharge by Vehumet.
   579 | D:2      | Reached XP level 3. HP: 36/36 MP: 2/2
   638 | D:2      | Reached skill level 4 in Unarmed Combat
   971 | D:2      | Offered knowledge of Flame Wave by Vehumet.
  1550 | D:3      | Reached XP level 4. HP: 24/45 MP: 3/3
  1634 | D:3      | Found Irykog's Antique Armour Shop.
  1920 | D:3      | Reached **** piety under Vehumet
  1928 | D:3      | Reached skill level 5 in Unarmed Combat
  1964 | D:3      | Reached XP level 5. HP: 53/53 MP: 4/4
  2167 | D:4      | Noticed Robin
  2173 | D:4      | Killed Robin
  2184 | D:4      | Offered knowledge of Airstrike by Vehumet.
  2323 | D:4      | Noticed a lemure
  2323 | D:4      | Noticed a lemure
  2367 | D:4      | Reached XP level 6. HP: 43/62 MP: 5/5
  2384 | D:4      | Reached skill level 6 in Unarmed Combat
  2733 | D:4      | Reached XP level 7. HP: 70/70 MP: 6/6
  2778 | D:4      | Noticed Eustachio
  2802 | D:4      | Killed Eustachio
  2803 | D:4      | Reached skill level 7 in Unarmed Combat
  2827 | D:4      | You fall into a shaft and drop 2 floors!
  2844 | D:5      | Entered Level 5 of the Dungeon
  3073 | D:5      | Found a transporter.
  3076 | D:5      | Noticed JJisdabomb's ghost (novice DsFi)
  3149 | D:5      | Reached skill level 5 in Fighting
  3149 | D:5      | Reached skill level 8 in Unarmed Combat
  3152 | D:5      | Reached XP level 8. HP: 59/80 MP: 7/7
  3240 | D:5      | Found a runed translucent door.
  3241 | D:5      | Noticed Crazy Yiuf
  3294 | D:5      | Reached ***** piety under Vehumet
  3312 | D:5      | Reached skill level 9 in Unarmed Combat
  3371 | D:5      | Found a transporter.
  3747 | D:5      | Killed Crazy Yiuf
  3799 | D:4      | Noticed Pikel
  3830 | D:4      | Killed Pikel
  3831 | D:4      | Reached skill level 10 in Unarmed Combat
  4244 | D:6      | Reached XP level 9. HP: 56/89 MP: 8/8
  4301 | D:6      | Found a snail-covered altar of Cheibriados.
  4301 | D:6      | Found a hazy altar of Hepliaklqana.
  4352 | D:6      | Offered knowledge of Irradiate by Vehumet.
  4401 | D:6      | Noticed Grinder
  4402 | D:6      | Found a staircase to the Ecumenical Temple.
  4404 | D:6      | Noticed Maggie
  4411 | D:6      | Killed Grinder
  4417 | D:6      | Killed Maggie
  4421 | D:6      | Reached skill level 11 in Unarmed Combat
  4528 | Temple   | Entered the Ecumenical Temple
  4532 | Temple   | Fell from the grace of Vehumet
  4532 | Temple   | Became a worshipper of Makhleb the Destroyer
  4595 | D:6      | Noticed Edmund
  4599 | D:6      | Killed Edmund
  4793 | D:6      | Found a runed translucent door.
  4794 | D:6      | Noticed ragingrage's ghost (novice MiBe)
  4807 | D:6      | Killed ragingrage's ghost
  4900 | D:6      | Noticed a kobold demonologist
  4906 | D:6      | Killed a kobold demonologist
  4907 | D:6      | Reached skill level 12 in Unarmed Combat
  5038 | D:5      | Killed JJisdabomb's ghost
  5039 | D:5      | Reached XP level 10. HP: 102/102 MP: 9/9
  5396 | D:7      | Found Oshease Cuwo's Weapon Shoppe.
  5416 | D:7      | Found a shimmering blue altar of Sif Muna.
  5451 | D:7      | Found an iron altar of Okawaru.
  5744 | D:8      | Reached * piety under Makhleb
  6211 | D:8      | Reached skill level 13 in Unarmed Combat
  6575 | D:9      | Reached ** piety under Makhleb
  6894 | D:9      | Noticed a two-headed ogre
  6898 | D:9      | Killed a two-headed ogre
  6945 | D:9      | Found a glowing golden altar of the Shining One.
  6979 | D:9      | Found a shadowy altar of Dithmenos.
  6987 | D:9      | Reached skill level 14 in Unarmed Combat
  7111 | D:9      | Found a bloodstained altar of Trog.
  7149 | D:9      | Found a broken altar of Ashenzari.
  7158 | D:9      | Reached XP level 11. HP: 111/113 MP: 8/10
  7245 | D:9      | Found an ancient bone altar of Kikubaaqudgha.
  7328 | D:10     | Entered Level 10 of the Dungeon
  7328 | D:10     | Found a shimmering altar of Xom.
  7370 | D:10     | Found a flagged portal.
  7385 | Bailey   | Entered a bailey
  7599 | Bailey   | Noticed a two-headed ogre
  7607 | Bailey   | Killed a two-headed ogre
  7733 | D:10     | Reached *** piety under Makhleb
  7798 | D:10     | Found a staircase to the Lair.
  7845 | D:10     | Noticed a two-headed ogre
  7853 | D:10     | Killed a two-headed ogre
  8195 | Lair:1   | Entered Level 1 of the Lair of Beasts
  8209 | Lair:1   | Reached skill level 15 in Unarmed Combat
  8295 | Lair:1   | Noticed an eight-headed hydra
  8316 | D:10     | Slain by an eight-headed hydra

Illustrated notes

Levels and vault maps discovered:
D:1:      dpeg_arrival_more_subterranean_lakeside_camping, layout_rooms,
          hellmonk_ecumenical_altar_slurped_away, chequers_garden,
          bh_walls_and_bars
D:2:      layout_basic, minmay_tree_intersection
D:3:      layout_loops_ring, serial_shops, nicolae_shop_trees
D:4:      layout_loops_ring, grunt_tough_drop, uniq_pikel, uniq_robin,
          uniq_eustachio
D:5:      layout_loops_ring, gammafunk_ghost_mausoleum, grunt_ministairs_9,
          hangedman_abyss_or_decor_lesser_grid, uniq_crazy_yiuf_cottage
D:6:      layout_basic, gammafunk_temple_overflow_elements,
          minmay_temple_entry_sparse_star, ebering_ghost_reflecting_pool,
          uniq_edmund, uniq_maggie, uniq_grinder
D:7:      layout_rooms, okawaru_ov_weapons_minmay,
          mainiacjoe_overflow_boulevard, serial_shops, kennysheep_mini_moat
D:8:      layout_basic, nrook_mini_vaults
D:9:      layout_irregular_city, lemuel_doored_altar, tgw_kikubaaqudgha,
          mainiacjoe_overflow_cross_hatched, tso_oasis_becter,
          grunt_dithmenos_shadows
D:10:     layout_cave_pools, xom_butterflies, dpeg_oklobed_lair, enter_bailey_8
Temple:   nicolae_temple_x_marks_the_god
Lair:1:   layout_cave_pods, fungi_pond_lemuel

Skill      XL: |  1  2  3  4  5  6  7  8  9 10 11 |
---------------+----------------------------------+-----
Unarmed Combat | 4 5 6 8 10 12 14 15 | 15.3
Fighting       | 3 4 5 6 7 8 9 |  9.5
Dodging        | |  2.4
Stealth        | |  1.0

Action                   |  1- 3 |  4- 6 |  7- 9 | 10-12 || total
-------------------------+-------+-------+-------+-------++-------
Melee: Unarmed           |   101 |   132 |   211 |   316 ||   760
       Punch             |     2 |     6 |    11 |    28 ||    47
  Use: Potion            |       |       |     2 |     1 ||     3
       Scroll            |       |       |       |    13 ||    13
 Stab: Sleeping          |     6 |     1 |     3 |     1 ||    11
       Distracted        |     1 |     3 |       |       ||     4
Armor: Robe              |    29 |    36 |    36 |       ||   101
       Steam dragon scal |       |       |    10 |   120 ||   130
Dodge: Dodged            |    48 |    69 |    93 |   140 ||   350
